 Dungeon Crawl Stone Soup version 0.30-a0-459-g9104f0fc43 (webtiles) character file.

Game seed: 15208150751313809544

1015 VineThatTabs the Blocker (level 8, -12/62 HPs)
             Began as a Formicid Fighter on Dec 15, 2022.
             Was a Follower of Okawaru.
             Mangled by a boulder beetle (32 damage)
             ... on level 5 of the Dungeon.
             The game lasted 00:07:50 (5248 turns).

VineThatTabs the Blocker (Formicid Fighter)         Turns: 5248, Time: 00:07:51

Health: -12/62     AC: 11    Str: 21    XL:     8   Next: 45%
Magic:  0/8        EV:  7    Int:  8    God:    Okawaru [*.....]
Gold:   252        SH:  6    Dex: 15    Spells: 7/7 levels left

rFire   . . .      SeeInvis +    a - +1 quarterstaff
rCold   . . .      Faith    .    c - +0 buckler
rNeg    . . .      Spirit   +    w - +0 chain mail
rPois   +          Reflect  .    (helmet unavailable)
rElec   .          Harm     .    (no cloak)
rCorr   .          Rampage  .    v - +0 pair of gloves
Will    .....                    (no boots)
Stlth   ..........               l - amulet of guardian spirit
HPRegen 0.30/turn                e - ring of poison resistance
MPRegen 0.11/turn                t - +4 ring of slaying

@: no status effects
A: permanent stasis, dig shafts and tunnels, antennae 3, four strong arms
a: Dig, Shaft Self, Renounce Religion, Heroism


You were on level 5 of the Dungeon.
You worshipped Okawaru.
Okawaru was aware of your devotion.
You visited 2 branches of the dungeon, and saw 7 of its levels.

You collected 362 gold pieces.
You spent 110 gold pieces at shops.

Inventory:

Hand Weapons
 a - a +1 quarterstaff (weapon)
Armour
 c - a +0 buckler (worn)
 v - a +0 pair of gloves (worn)
 w - a +0 chain mail (worn)
Jewellery
 e - a ring of poison resistance (left hand)
 l - an amulet of guardian spirit (around neck)
 n - a ring of resist corrosion
 t - a +4 ring of slaying (right hand)
Wands
 b - a wand of paralysis (1)
 u - a wand of mindburst (12)
Scrolls
 k - 2 scrolls of fear
 o - a scroll of fog {unknown}
 p - 3 scrolls of teleportation {unknown}
 s - a scroll of amnesia {unknown}
Potions
 d - a potion of might
 f - 7 potions of curing
 g - a potion of ambrosia {unknown}
 h - 2 potions of lignification {unknown}
 i - a potion of attraction {unknown}
 j - 2 potions of heal wounds
 m - a potion of invisibility {unknown}
 q - a potion of haste {unknown}
 r - a potion of brilliance {unknown}


   Skills:
 + Level 5.3 Fighting
 * Level 5.6 Staves
 + Level 5.2 Armour
 * Level 8.0 Shields


You had 7 spell levels left.
You didn't know any spells.
Your spell library contained the following spells:

 Spells                   Type           Power      Damage    Failure   Level
 Slow                     Hex            0%         N/A       99%         1
 Confusing Touch          Hex            0%         N/A       100%        3
 Vampiric Draining        Necr           0%         2d6       100%        3


Dungeon Overview and Level Annotations

Branches:
Dungeon (6/15)             Temple (1/1) D:5

Altars:
Dithmenos
Okawaru
Uskayaw

Shops:
D:6 !


Innate Abilities, Weirdness & Mutations

You cannot be hasted, slowed, berserked, paralysed or teleported.
You can dig through walls and to a lower floor.
You have a pair of large antennae on your head. (SInv)
Your four strong arms can wield two-handed weapons with a shield.


Message History

The centaur kicks you.
You hit the centaur.
You kill the centaur!
Okawaru accepts your kill.
You can now gain great but temporary skills.
Your life force feels restored.
Your Shields skill increases to level 8!
Things that are here:
a +0 shortbow; a centaur corpse You sense a monster nearby.
A boulder beetle comes into view.
A boulder beetle is nearby!
A boulder beetle is nearby!
A boulder beetle is nearby!
The boulder beetle leaps!
There is an escape hatch in the ceiling here.
There is an escape hatch in the ceiling here.
A boulder beetle is nearby!
The boulder beetle curls into a ball and begins rolling!
The boulder beetle hits you!!!
Ouch! That really hurt!
The boulder beetle stops rolling and uncurls.
You see here a +0 whip.
The boulder beetle attacks as you move away!
The boulder beetle bites you but does no damage.
There is an escape hatch in the ceiling here.
The boulder beetle barely misses you. A mysterious force pulls you upwards.
The hatch slams shut behind you.
The boulder beetle attacks as you move away!
The boulder beetle bites you.
* * * LOW HITPOINT WARNING * * *
The boulder beetle curls into a ball and begins rolling!
The boulder beetle barely misses you.
The boulder beetle stops rolling and uncurls.
The boulder beetle leaps!
The boulder beetle curls into a ball and begins rolling!
There is a stone staircase leading up here.
The boulder beetle hits you!!!
Ouch! That really hurt!
You die...

####......#.~{#........
#.....#...#~~.#.#...... #########
###.......##b##........
#~~.#~~.## #..##...#####...##...
..~.~.~{. #..##...........#....
#############.###.....[#.#.......
....................°..#.##.#....
#############...#..°..[..##.#....
.~bb~..~. #.#.@B○...........#..
##.~.#.~~#####.#..###.#.........
##########)#.#.#...#......#....
#####....##.#.#.#.........#......
.........#####.......<.####..#..#
#####....# ###...............#..#
#....# #..........>.........#
###### #.#......##...........
#.#..######.########.#


You could see a boulder beetle (rolling).

Vanquished Creatures
  Edmund (D:4)
  The ghost of gruber the Destroyer, an amateur TeCj (D:3)
  A black bear (D:6)
  A centaur (D:6)
  Blork the orc (D:4)
  The ghost of Jaakounette the Sneak, an amateur SpBr (D:3)
  A scorpion (D:5)
  A howler monkey (D:5)
  A hound (D:4)
  2 orc priests (D:5)
  Jessica (D:2)
  3 iguanas
  2 orc wizards (D:6)
  Ijyb (D:4)
  4 adders
  2 ufetubi
  3 worms (D:3)
  5 dart slugs
  6 orcs
  4 ball pythons
  4 bats
  3 endoplasms
  A giant cockroach (D:3)
  5 goblins (D:2)
  5 hobgoblins
  3 jackals (D:1)
  7 quokkas
  A frilled lizard (D:2)
  5 kobolds
  3 rats (D:2)
79 creatures vanquished.

Vanquished Creatures (others)
  11 fungi (D:5)
  7 plants (D:1)
  5 withered plants (D:3)
23 creatures vanquished.

Grand Total: 102 creatures vanquished

Notes
Turn   | Place    | Note
-------+----------+-------------------------------------------
     0 | D:1      | VineThatTabs the Formicid Fighter began the quest for the
                  | Orb.
     0 | D:1      | Reached XP level 1. HP: 18/18 MP: 1/1
   113 | D:1      | Reached XP level 2. HP: 23/24 MP: 2/2
   531 | D:1      | Found a faded altar of an unknown god.
   785 | D:2      | Reached XP level 3. HP: 28/29 MP: 3/3
  1438 | D:2      | Noticed Jessica
  1443 | D:2      | Killed Jessica
  1444 | D:2      | Reached skill level 5 in Shields
  1444 | D:2      | Reached XP level 4. HP: 35/37 MP: 4/4
  1877 | D:3      | Found a runed translucent gate.
  1878 | D:3      | Found a runed translucent gate.
  1880 | D:3      | Found a runed translucent gate.
  1881 | D:3      | Noticed Jaakounette's ghost (amateur SpBr)
  1882 | D:3      | Noticed gruber's ghost (amateur TeCj)
  1895 | D:3      | Reached XP level 5. HP: 41/42 MP: 5/5
  2592 | D:4      | Found a hide-covered altar of Uskayaw.
  2592 | D:4      | Found the +4 dagger "Morg" {pain, Will+ Int+5}
  3335 | D:4      | Noticed Blork the orc
  3342 | D:4      | Killed Blork the orc
  3343 | D:4      | Reached XP level 6. HP: 22/48 MP: 2/6
  3460 | D:5      | Entered Level 5 of the Dungeon
  3462 | D:5      | Noticed Edmund
  3462 | D:5      | Noticed Ijyb
  3492 | D:4      | Killed Edmund
  3493 | D:4      | Reached skill level 6 in Shields
  3627 | D:4      | Killed Ijyb
  3661 | D:5      | Reached XP level 7. HP: 55/55 MP: 4/7
  4291 | D:5      | Reached skill level 7 in Shields
  4523 | D:5      | Found a staircase to the Ecumenical Temple.
  4530 | Temple   | Entered the Ecumenical Temple
  4538 | Temple   | Became a worshipper of Warmaster Okawaru
  4661 | D:3      | Killed gruber's ghost
  4662 | D:3      | Reached skill level 5 in Staves
  4664 | D:3      | Killed Jaakounette's ghost
  4665 | D:3      | Reached skill level 5 in Fighting
  4665 | D:3      | Reached XP level 8. HP: 45/60 MP: 6/8
  4774 | D:6      | Found Galodoceha's Distillery.
  4780 | D:6      | Bought 2 potions of heal wounds for 110 gold pieces
  4829 | D:6      | Reached skill level 5 in Armour
  5144 | D:6      | Reached * piety under Okawaru
  5145 | D:6      | Reached skill level 8 in Shields
  5217 | D:6      | Noticed a boulder beetle
  5248 | D:5      | Mangled by a boulder beetle

Illustrated notes

Levels and vault maps discovered:
D:1:      elethiomel_arrival_quiet, layout_loops_ring, serial_forest,
          infiniplex_forest_clump_curved, infiniplex_forest_end_double,
          infiniplex_forest_lined_room_2, infiniplex_forest_clump_C,
          infiniplex_forest_lined_3, infiniplex_forest_end_1,
          basic_ecumenical_altar, dreamdust_wishing_well,
          minmay_misc_feat_ornament, serial_bayou_lagoon_a
D:2:      layout_loops_corners, serial_park_tiny_pond, uniq_jessica
D:3:      layout_basic, gammafunk_ghost_cemetery, columned_hall_lemuel,
          minivault_24
D:4:      layout_basic, eat_drink_and_be_merry_uskayaw, kennysheep_boxes,
          uniq_blork_the_orc
D:5:      layout_rooms, minmay_temple_entry_enclosed_plants, serial_aquarium,
          aquarium_bridge_square [aquarium_subvault_balcony,
          aquarium_subvault_window, aquarium_subvault_bridge,
          aquarium_subvault_bridge], aquarium_bridge_square
          [aquarium_subvault_bridge, aquarium_subvault_wall,
          aquarium_subvault_wall, aquarium_subvault_bridge],
          aquarium_window_fake, aquarium_window_corridor_1, aquarium_view_2d,
          aquarium_view_2g, aquarium_pool_2, uniq_edmund, uniq_ijyb
D:6:      layout_loops_cross, ebering_ghost_reflecting_pool, serial_shops,
          nicolae_shop_advertising_works [nicolae_subvault_shop_adworks]
Temple:   dpeg_chambers_temple

Skill      XL: |  1  2  3  4  5  6  7  8 |
---------------+-------------------------+-----
Shields        | 5 6 7 8 |  8.0
Staves         | 3 4 5 |  5.6
Fighting       | 4 5 |  5.3
Armour         | 4 5 |  5.2

Action                   |  1- 3 |  4- 6 |  7- 9 || total
-------------------------+-------+-------+-------++-------
Melee: Quarterstaff      |    85 |   101 |    82 ||   268
 Abil: Dig               |       |       |     3 ||     3
  Use: Scroll            |       |     4 |       ||     4
       Potion            |       |     1 |     2 ||     3
Armor: Scale mail        |    22 |    23 |       ||    45
       Chain mail        |       |     7 |    60 ||    67
Dodge: Dodged            |    23 |    32 |    39 ||    94
Block: Buckler           |    23 |    28 |    27 ||    78

Table legend: (Time is in decaauts)
 A = Elapsed time spent in this place.
 B = Non-inter-level travel time spent in this place.
 C = Inter-level travel time spent in this place.
 D = Time resting spent in this place.
 E = Time spent auto-exploring this place.
 F = Levels seen in this place.
 G = Mean time per level.
                   A        B        C        D        E       F      G
               +--------+--------+--------+--------+--------+-----+--------+
         Total |   5318 |   5094 |    224 |    317 |   3777 |   7 |  759.7 |
       Dungeon |   5301 |   5077 |    224 |    317 |   3777 |   6 |  883.5 |
        Temple |     16 |     16 |      0 |      0 |      0 |   1 |   16.0 |
               +--------+--------+--------+--------+--------+-----+--------+

Top non-repeatable levels by time:
     D:4: 1443 daAuts
     D:3: 1036 daAuts
     D:1: 796 daAuts
     D:5: 771 daAuts
     D:2: 760 daAuts
     D:6: 492 daAuts
  Temple: 16 daAuts
